 Dungeon Crawl Stone Soup version 0.31-a0-1068-g5939ac1fb6 (webtiles) character file.

Game seed: 8848226938977030355

75 Maratek the Insei (level 4, -9/29 HPs)
             Began as an Octopode Shapeshifter on Nov 24, 2023.
             Was a Believer of Jiyva.
             Killed by nerve-wracking pain
             ... invoked by an orc priest
              (13 damage)
             ... on level 3 of the Dungeon.
             The game lasted 00:03:02 (2079 turns).

Maratek the Insei (Octopode Shapeshifter)           Turns: 2079, Time: 00:03:03

Health: -9/29      AC:  1    Str: 13    XL:     4   Next: 31%
Magic:  4/4        EV: 13    Int: 12    God:    Jiyva [**....]
Gold:   828        SH:  0    Dex: 13    Spells: 3/3 levels left

rFire   . .          .
                       - Unarmed
rCold   . . .        (no shield)
rNeg    . . .        (helmet currently unavailable)
rPois   .            (no amulet)
rElec   .            (no ring)
rCorr   +            (no ring)
SInv    .            (no ring)
Will    .....        (no ring)
Stlth   +++          (no ring)
HPRegen 1.20/turn    (no ring)
MPRegen 0.39/turn    (no ring)
                     (no ring)

%: no passive effects
@: beast-form
A: beast (slay +1), almost no armour, amphibious, 8 rings, camouflage 1,
gelatinous body 1, (nimble swimmer 1), tentacles
a: Begin Untransformation, Renounce Religion


You were on level 3 of the Dungeon.
You worshipped Jiyva.
Jiyva was pleased with you.
You were a hulking beast.
You visited 1 branch of the dungeon, and saw 3 of its levels.

You collected 828 gold pieces.

Inventory:

Talismans
 b - a beast talisman (active)
 c - a flux talisman
Scrolls
 f - a scroll of teleportation
 g - a scroll of revelation
 k - a scroll of poison
Potions
 a - a potion of lignification
 d - a potion of haste {unknown}
 e - a potion of ambrosia {unknown}
 h - a potion of mutation {unknown}
 j - 2 potions of magic {unknown}


   Skills:
 * Level 2.0 Fighting
 * Level 2.6 Dodging
 * Level 2.0 Stealth
 * Level 3.4 Unarmed Combat
 * Level 3.4 Shapeshifting


You had 3 spell levels left.
You didn't know any spells.
Your spell library contained the following spells:

 Spells                   Type           Power      Damage    Failure   Level
 Wereblood                Tmut           0%         N/A       45%         2
 Irradiate                Conj/Tmut      0%         3d11      100%        5


Dungeon Overview and Level Annotations

Branches:
Dungeon (3/15)

Altars:
Ru
Jiyva

Annotations:
D:3 2 transporters


Innate Abilities, Weirdness & Mutations

You are a hulking beast.
Your limbs bulge with bestial killing power. (Slay +1)
You cannot wear most types of armour.
You are amphibious.
You can wear up to eight rings at the same time.
Your skin changes colour to match your surroundings (Stealth+).
Your rubbery body absorbs attacks. (AC +1, EV +1)
((You are camouflaged when in or above water. (Stealth+)))
You have tentacles for arms and can constrict up to eight enemies at once.


Message History

You barely miss the orc. You grab the orc. You tentacle-slap the orc.
You squeeze the orc.
The orc is moderately wounded.
You constrict the orc.
The orc struggles to escape constriction.
You tentacle-slap the orc but do no damage.
The orc is heavily wounded.
You constrict the orc, but do no damage.
The orc closely misses you.
You tentacle-slap the orc.
The orc is heavily wounded.
You constrict the orc, but do no damage.
The orc priest hits you with a +0 flail.
* * * LOW HITPOINT WARNING * * *
The orc escapes!
You barely miss the orc priest. You grab the orc priest.
You tentacle-slap the orc priest.
The orc priest is severely wounded.
You constrict the orc priest.
The orc priest is no longer covered in acid.
The orc priest completely misses you.
You hear a slurping noise.
You tentacle-slap the orc.
You kill the orc!
You constrict the orc priest, but do no damage.
The orc priest hits you with a +0 flail.
* * * LOW HITPOINT WARNING * * *
You barely miss the orc priest.
The orc priest is severely wounded.
You constrict the orc priest.
The orc priest hits you with a +0 flail.
* * * LOW HITPOINT WARNING * * *
You barely miss the orc priest. You grab the orc priest.
You squeeze the orc priest.
The orc priest is heavily wounded.
You constrict the orc priest.
You constrict the orc priest, but do no damage.
The orc priest calls down the wrath of Beogh upon you.
Pain shoots through your body!
You die...

#...#.# #.....# #.#.#.######.#.#
.. ###.#..........#.#####..
....##.######..#........
....##.#....#..#........
....##...##.#..#........
............#..#.J....##
....###..####..#oo...## #######
..........#.#...h)#### #.....#
.......#....##...## #####.###)###
.......#.#.>...#.####...#........
.......#.##.##..........#####.###
.......#................'.....#
..........#.##..........#######
..........#.##.....†.####
#'#####...#.##.......#
#.#####...#.##.......#


You could see 2 orc priests and a neutral jelly (wandering) (fellow slime).

Vanquished Creatures
  5 adders (D:2)
  A dart slug (D:3)
  2 orcs (D:3)
  3 ball pythons
  A bat (D:2)
  2 endoplasms (D:1)
  A giant cockroach (D:3)
  A goblin (D:2)
  A hobgoblin (D:1)
  A quokka (D:1)
  2 frilled lizards
  5 kobolds
  4 rats
29 creatures vanquished.

Vanquished Creatures (others)
  An endoplasm (D:3)
  An orc (D:3)
  A bat (D:3)
  2 jackals (D:2)
  2 quokkas
  2 ball pythons
  A frilled lizard (D:3)
  A goblin (D:3)
  A kobold (D:3)
  A rat (D:3)
13 creatures vanquished.

Grand Total: 42 creatures vanquished

Notes
Turn   | Place    | Note
-------+----------+-------------------------------------------
     0 | D:1      | Maratek the Octopode Shapeshifter began the quest for the
                  | Orb.
     0 | D:1      | Reached XP level 1. HP: 13/13 MP: 1/1
   527 | D:1      | Reached XP level 2. HP: 18/18 MP: 2/2
   572 | D:1      | Found a faded altar of an unknown god.
   638 | D:1      | Prayed at the altar of an unknown god.
   638 | D:1      | Became a worshipper of Jiyva Jyddioj the Shapeless
   638 | D:1      | Reached * piety under Jiyva
  1066 | D:2      | Reached skill level 1 in Stealth
  1066 | D:2      | Reached XP level 3. HP: 12/23 MP: 3/3
  1243 | D:2      | Reached XP level 4. HP: 29/29 MP: 4/4
  1381 | D:2      | Identified a scroll of acquirement
  1381 | D:2      | Acquired 762 gold pieces
  1534 | D:3      | Found a transporter.
  1538 | D:3      | Noticed a kobold demonologist
  1552 | D:3      | Found a transporter.
  1602 | D:3      | Reached ** piety under Jiyva
  1944 | D:3      | Found a sacrificial altar of Ru.
  2079 | D:3      | Killed from afar by an orc priest

Illustrated notes

Levels and vault maps discovered:
D:1:      evilmike_arrival_plus, layout_loops_corners,
          dilly_ecumenical_altar_fadedgnrine
D:2:      layout_rooms, hex_medium, fountainhead
D:3:      gammafunk_wand_slinger, layout_basic, nicolae_ru_path_of_blood

Skill      XL: |  1  2  3  4 |
---------------+-------------+-----
Stealth        | 1 2 |  2.0
Fighting       | 2 |  2.0
Dodging        | |  2.6
Unarmed Combat | |  3.4
Shapeshifting  | |  3.4

Action                     |  1- 3 |  4- 6 || total
---------------------------+-------+-------++-------
  Melee: Unarmed           |    44 |    22 ||    66
         Constrict         |     9 |     7 ||    16
         Tentacles         |     9 |     3 ||    12
         Punch             |       |     2 ||     2
Ability: Begin Untransform |       |     1 ||     1
    Use: Scroll            |       |     5 ||     5
   Stab: Sleeping          |     2 |     4 ||     6
 Armour: Skin              |    24 |     7 ||    31
  Dodge: Dodged            |    22 |     8 ||    30
   Form: Beast             |       |     1 ||     1

Table legend: (Time is in decaauts)
 A = Elapsed time spent in this place.
 B = Non-inter-level travel time spent in this place.
 C = Inter-level travel time spent in this place.
 D = Time resting spent in this place.
 E = Time spent auto-exploring this place.
 F = Levels seen in this place.
 G = Mean time per level.
                   A        B        C        D        E       F      G
               +--------+--------+--------+--------+--------+-----+--------+
         Total |   2074 |   2004 |     70 |    303 |   1431 |   3 |  691.3 |
       Dungeon |   2074 |   2004 |     70 |    303 |   1431 |   3 |  691.3 |
               +--------+--------+--------+--------+--------+-----+--------+

Top non-repeatable levels by time:
     D:1: 910 daAuts
     D:2: 601 daAuts
     D:3: 563 daAuts
